 Dungeon Sprint DCSS version 0.24-a0-530-g18ba70b5 (webtiles) character file.

Game seed: 13463624083460173436

250 silentkaos13 the Prestidigitator (level 6, -5/36 HPs)
             Began as a Kobold Artificer on Aug 8, 2019.
             Splashed by a jelly's acid (10 damage)
             ... in the Dungeon (Sprint I: "Red Sonja").
             The game lasted 00:01:46 (395 turns).

silentkaos13 the Prestidigitator (Kobold Artificer)  Turns: 395, Time: 00:01:48

Health: -5/36      AC: -8    Str: 12    XL:     6   Next: 35%
Magic:  15/15      EV: 18    Int: 12    God:
Gold:   162        SH:  0    Dex: 15    Spells: 5/5 levels left

rFire    . . .     SeeInvis .   n - +2 dagger (holy)
rCold    + . .     Gourm    .   (shield restricted)
rNeg     . . .     Faith    .   o - +0 leather armour {rC+}
rPois    .         Spirit   .   (no helmet)
rElec    .         Reflect  .   (no cloak)
rCorr    .         Harm     .   (no gloves)
MR       .....     NoTele   +   (no boots)
Stlth    ++........             (no amulet)
HPRegen  0.12/turn              (no ring)
MPRegen  0.14/turn              (no ring)

@: corroded
A: small, carnivore
a: no special abilities


You were in the Dungeon.
You were very full.

You visited 1 branch You collected 162 gold pieces.

Inventory:

Hand Weapons
 a - a +0 short sword
 n - a +2 dagger of holy wrath (weapon)
Armour
 b - a +0 leather armour
 o - a +0 leather armour of cold resistance (worn)
Wands
 d - a wand of enslavement (15)
 e - a wand of random effects (8)
Scrolls
 l - a scroll of blinking
Potions
 g - a potion of curing
 h - a potion of heal wounds
 i - a potion of haste
 j - 2 potions of magic
 k - a potion of berserk rage
 m - a potion of degeneration {unknown}
Comestibles
 f - a ration


   Skills:
 + Level 2.5 Fighting
 + Level 4.4 Short Blades
 + Level 2.0 Armour
 + Level 6.6 Dodging
 + Level 1.7 Stealth
 + Level 12.0 Evocations


You had 5 spell levels left.
You didn't know any spells.
Your spell library was empty.

Dungeon Overview and Level Annotations

Branches:
Dungeon (1/1)

Altars:
Sif Muna
Vehumet
Wu Jian


Innate Abilities, Weirdness & Mutations

You are small and have problems with some larger weapons.
You are carnivorous and can eat meat at any time.


Message History

You hit the jelly but do no damage. The acid corrodes you!
Your hands burn!
The jelly is almost dead.
You hit the jelly but do no damage. The acid corrodes you!
Your hands burn!
The jelly is almost dead.
The jelly barely misses you.
You hit the jelly but do no damage.
Your hands burn!
The jelly is almost dead.
The jelly hits you.
You are splashed with acid!
* * * LOW HITPOINT WARNING * * *
You hit the jelly but do no damage.
Your hands burn!
* * * LOW HITPOINT WARNING * * *
The jelly is almost dead.
The jelly barely misses you.
You hit the jelly but do no damage.
Your hands burn!
* * * LOW HITPOINT WARNING * * *
The jelly is almost dead.
The jelly hits you.
* * * LOW HITPOINT WARNING * * *
You are splashed with acid!
You die...

################
#<.#..)..#..'..#
#..'..#..'..#..+
#..#####'#####'#
#..# #..# #@#
#).# #### #J#
#..# _.+ #⌠⌠#
.._# #### _.#+#
##+


You could see a jelly.

Vanquished Creatures
  Sigmund (D)
  An ogre (D)
  Ijyb (D)
3 creatures vanquished.

Notes
Turn   | Place    | Note
-------+----------+-------------------------------------------
     0 | D        | silentkaos13 the Kobold Artificer began the quest for the
                  | Orb.
     0 | D        | Reached XP level 1. HP: 12/12 MP: 3/3
     1 | D        | Noticed Ijyb
    23 | D        | Killed Ijyb
    23 | D        | Reached skill level 6 in Evocations
    23 | D        | Reached XP level 2. HP: 11/16 MP: 4/6
    23 | D        | Reached XP level 3. HP: 14/20 MP: 4/7
   109 | D        | Noticed an ogre
   115 | D        | Killed an ogre
   115 | D        | Reached skill level 5 in Dodging
   115 | D        | Reached skill level 9 in Evocations
   115 | D        | Reached XP level 4. HP: 26/26 MP: 7/10
   115 | D        | Reached XP level 5. HP: 30/30 MP: 8/12
   155 | D        | Noticed Sigmund
   175 | D        | Killed Sigmund
   175 | D        | Reached skill level 12 in Evocations
   175 | D        | Reached XP level 6. HP: 13/36 MP: 13/15
   384 | D        | Found an ornate altar of the Wu Jian Council.
   384 | D        | Found a deep blue altar of Sif Muna.
   386 | D        | Found a radiant altar of Vehumet.
   395 | D        | Splashed by a jelly's acid

Levels and vault maps discovered:
D:        dungeon_sprint_1 [red_sonja_temple_1, red_sonja_temple_small_1]

Skill      XL: |  1  2  3  4  5 |
---------------+----------------+-----
Short Blades   | 2 3 4 |  4.4
Dodging        | 3 5 6 |  6.6
Evocations     | 6 9 12 | 12.0
Fighting       | 2 |  2.5
Armour         | 2 |  2.0
Stealth        | |  1.7

Action                   |  1- 3 |  4- 6 || total
-------------------------+-------+-------++-------
Melee: Short sword       |    13 |       ||    13
       Dagger            |       |     8 ||     8
Evoke: Wand              |    11 |    11 ||    22
  Eat: Chunk             |       |     5 ||     5
Dodge: Dodged            |    10 |     8 ||    18

Table legend:
 A = Non-vault XP
 B = Vault XP
 C = Vault XP percentage of total XP
 D = Non-vault monster count
 E = Vault monster count
 F = Vault count percentage of total count
                 A         B        C        D         E       F
            +---------+---------+-------+---------+---------+-------
      Total |       0 |     358 | 100.0 |       0 |       3 | 100.0
            +---------+---------+-------+---------+---------+-------
          D |       0 |     358 | 100.0 |       0 |       3 | 100.0
            +---------+---------+-------+---------+---------+-------
